AoeStats
← hezarfen

Arena

510107748Analyzed
4v4 RM · 2d ago on Sep 29, 2026· 44m 6s· 8 players
Game mode
Random Map
Map size
Large (8 player)
Population
200
Speed
Normal
Resources
Standard
Victory
Conquest
Starting age
Dark Age
Ending age
Imperial Age
RankedLock teamsTeams togetherTeam positionsShared explorationLock speedFull tech treeHidden civsTurbo modeCheats
Victory
Defeat
🇹🇼 Ethiopians · Taiwan
1366
+11
🇹🇼 Khmer · Taiwan
1357
+12
🇨🇳 Romans · China
1320
+13
🇹🇷 Britons · Türkiye
1261
+16
🇹🇼 Italians · Taiwan
1295
-14
🇹🇼 Bohemians · Taiwan
1291
-14
🇹🇼 Persians · Taiwan
1274
-14
🇹🇼 Turks · Taiwan
1168
-10
JIANG
10:49 Feudal Age
11:54 Horse Collar
16:48 Castle Age
15:07 Double-Bit Axe
17:18 Wheelbarrow
19:19 Bow Saw
19:36 Loom
25:05 Hand Cart
24:36 Town Watch
25:12 Scale Mail Armor
26:50 Chain Mail Armor
26:00 Pikeman
32:39 Imperial Age
30:14 Heavy Plow
30:32 Gold Mining
30:33 Stone Mining
31:26 Forging
31:43 Squires
32:44 Iron Casting
31:54 Man-at-Arms
34:25 Blast Furnace
32:47 Capped Ram
32:52 Halberdier
33:54 Conscription
35:25 Chemistry
33:55 Siege Ram
34:02 Long Swordsman
35:31 Comitatenses
35:27 Fortified Wall
35:56 Gold Shaft Mining
36:17 Elite Centurion
37:04 Legionary
38:08 Siege Engineers
38:10 Scale Barding Armor
38:38 Crop Rotation
39:57 Masonry
40:09 Chain Barding Armor
40:21 Coinage
42:56 Plate Barding Armor
42:55 Banking
43:57 Fletching
44:08 Padded Archer Armor
44:40 Architecture
44:31 Ballistics
44:06 Murder Holes
44:02 Guard Tower
44:15 Town Patrol
lightslee
10:15 Feudal Age
14:24 Castle Age
12:19 Double-Bit Axe
12:59 Horse Collar
15:20 Bow Saw
15:12 Fletching
16:23 Gold Mining
16:34 Crossbowman
20:18 Bodkin Arrow
24:56 Wheelbarrow
25:13 Padded Archer Armor
26:51 Ballistics
30:51 Thumb Ring
31:03 Leather Archer Armor
30:40 Loom
30:40 Town Watch
32:12 Stone Mining
37:41 Gold Shaft Mining
37:50 Hand Cart
40:57 Imperial Age
39:31 Elite Skirmisher
41:00 Arbalester
41:41 Bracer
42:43 Chemistry
43:53 Ring Archer Armor
43:30 Siege Engineers
44:39 Torsion Engines
45:04 Conscription
hezarfen
0:36 Loom
11:17 Feudal Age
16:31 Castle Age
15:19 Double-Bit Axe
17:36 Wheelbarrow
16:46 Horse Collar
19:17 Bow Saw
20:23 Heavy Plow
22:33 Gold Mining
23:14 Fletching
24:54 Bodkin Arrow
26:08 Fortified Wall
26:43 Gold Shaft Mining
25:59 Stone Mining
27:04 Scale Mail Armor
27:15 Forging
27:13 Murder Holes
27:50 Padded Archer Armor
28:55 Yeomen
29:10 Leather Archer Armor
31:58 Imperial Age
30:55 Ballistics
30:33 Crossbowman
31:40 Hand Cart
32:17 Masonry
32:43 Bracer
33:45 Chemistry
33:08 Conscription
32:12 Arbalester
33:33 Architecture
34:24 Two-Man Saw
34:51 Ring Archer Armor
36:01 Elite Skirmisher
36:54 Forging
36:22 Capped Ram
37:35 Pikeman
38:16 Squires
38:01 Gambesons
38:02 Arson
39:38 Iron Casting
39:19 Chain Mail Armor
42:55 Conscription
Dean
10:34 Feudal Age
14:17 Castle Age
12:25 Double-Bit Axe
12:57 Horse Collar
18:24 Loom
19:14 Bow Saw
20:33 Heavy Plow
22:06 Wheelbarrow
22:30 Stone Mining
23:02 Gold Mining
24:09 Town Watch
25:28 Forging
25:42 Scale Barding Armor
28:58 Imperial Age
27:10 Hand Cart
27:06 Husbandry
27:40 Bloodlines
28:39 Iron Casting
29:12 Stone Shaft Mining
29:16 Gold Shaft Mining
30:31 Chain Barding Armor
29:49 Elite Battle Elephant
32:06 Blast Furnace
31:43 Ballistics
32:17 Plate Barding Armor
33:54 Crop Rotation
34:44 Town Patrol
37:33 Conscription
41:09 Siege Engineers
41:15 Masonry
Not.Vipper
10:42 Feudal Age
12:35 Loom
15:23 Castle Age
14:03 Double-Bit Axe
14:59 Horse Collar
18:35 Bow Saw
26:25 Heavy Plow
27:53 Wheelbarrow
31:50 Imperial Age
30:09 Scale Barding Armor
31:34 Chemistry
31:33 Chain Barding Armor
33:06 Pikeman
34:09 Halberdier
35:43 Scale Mail Armor
35:07 Houfnice
37:20 Chain Mail Armor
38:50 Plate Mail Armor
39:03 Light Cavalry
41:13 Forging
Not.MbL
10:26 Feudal Age
14:21 Castle Age
12:16 Double-Bit Axe
12:42 Horse Collar
21:57 Bow Saw
22:00 Heavy Plow
23:30 Wheelbarrow
24:26 Bloodlines
24:29 Husbandry
25:04 Scale Barding Armor
25:10 Forging
27:27 Chain Barding Armor
28:13 Gold Mining
28:40 Hand Cart
28:11 Loom
29:39 Iron Casting
30:49 Gold Shaft Mining
30:05 Stone Mining
30:18 Fletching
30:29 Padded Archer Armor
34:38 Imperial Age
31:54 Town Watch
32:31 Fletching
32:42 Padded Archer Armor
32:20 Elite Skirmisher
33:41 Thumb Ring
33:39 Bodkin Arrow
Not.Hera
10:27 Feudal Age
11:32 Double-Bit Axe
14:24 Castle Age
12:30 Horse Collar
15:24 Bow Saw
15:19 Heavy Plow
23:08 Wheelbarrow
23:38 Gold Mining
23:41 Stone Mining
27:32 Imperial Age
24:48 Loom
26:02 Hand Cart
25:50 Town Watch
25:59 Fletching
26:09 Padded Archer Armor
27:57 Ballistics
27:48 Masonry
29:10 Stone Shaft Mining
29:38 Chemistry
29:59 Two-Man Saw
30:05 Silk Road
30:18 Bodkin Arrow
30:30 Scale Barding Armor
30:46 Scale Mail Armor
30:38 Elite Genoese Crossbowman
31:47 Masonry
32:14 Hoardings
31:50 Pikeman
32:30 Squires
32:50 Bracer
34:08 Arson
34:40 Chain Mail Armor
34:36 Forging
34:41 Leather Archer Armor
36:18 Plate Mail Armor
Not.ACCM
12:06 Feudal Age
15:48 Castle Age
14:23 Loom
20:23 Imperial Age
17:53 Double-Bit Axe
20:16 Bow Saw
26:19 Wheelbarrow
29:52 Horse Collar
31:30 Two-Man Saw
30:50 Gold Mining
32:40 Town Watch
33:10 Artillery
33:58 Conscription
Connection lost

Rejoining the realm…

Still unreachable

The connection could not be restored.

Session expired

The server has moved on; the page needs a fresh start.